 Dungeon Crawl Stone Soup version 0.31-a0-354-g827e0957a7 (webtiles) character file.

Game seed: 2003525552484912829

567 AIAndy the Shield-Bearer (level 7, -3/60 HPs)
             Began as a Gnoll Wanderer on July 24, 2023.
             Killed from afar by an orc wizard (9 damage)
             ... with a magic dart
             ... on level 4 of the Dungeon.
             The game lasted 00:10:58 (3261 turns).

AIAndy the Shield-Bearer (Gnoll Wanderer)           Turns: 3261, Time: 00:10:59

Health: -3/60      AC: 19    Str: 14    XL:     7   Next: 33%
Magic:  10/10      EV:  7    Int:  8    God:
Gold:   192        SH:  6    Dex: 14    Spells: 10/10 levels left

rFire   . . .        a - +1 war axe
rCold   . . .        b - +0 buckler
rNeg    . . .        D - +1 chain mail {rPois}
rPois   +            (no helmet)
rElec   .            (no cloak)
rCorr   .            (no gloves)
SInv    .            p - +0 pair of boots
Will    .....        (no amulet) Stlth
                     O - +4 ring of protection
HPRegen 0.30/turn    o - +4 ring of protection
MPRegen 0.12/turn

%: no passive effects
@: no status effects
A: fangs 1, strong nose, distributed training
a: no special abilities


You were on level 4 of the Dungeon.
You visited 1 branch of the dungeon, and saw 4 of its levels.
You also visited: Sewer.

You collected 192 gold pieces.


Innate Abilities, Weirdness & Mutations

You have very sharp teeth.
Your uncanny sense of smell can sniff out nearby items.
Your experience applies equally to all skills.


   Skills:
 + Level 7.0 Fighting
 + Level 2.4 Short Blades
 + Level 2.4 Long Blades
 + Level 5.2 Axes
 + Level 2.4 Maces & Flails
 + Level 2.4 Polearms
 + Level 2.4 Staves
 + Level 2.4 Ranged Weapons
 + Level 3.6 Throwing
 + Level 2.4 Armour
 + Level 2.4 Dodging
 + Level 2.4 Stealth
 + Level 7.0 Shields
 + Level 2.4 Unarmed Combat
 + Level 2.4 Spellcasting
 + Level 2.0 Conjurations
 + Level 2.0 Hexes
 + Level 2.0 Summonings
 + Level 2.0 Necromancy
 + Level 2.0 Translocations
 + Level 2.0 Transmutations
 + Level 2.0 Fire Magic
 + Level 2.0 Ice Magic
 + Level 2.0 Air Magic
 + Level 2.0 Earth Magic
 + Level 2.0 Poison Magic
 + Level 2.7 Invocations
 + Level 3.6 Evocations
 + Level 2.0 Shapeshifting


You had 10 spell levels left.
You didn't know any spells.
Your spell library contained the following spells:

 Spells                   Type           Power      Damage    Failure   Level
 Stone Arrow              Conj/Erth      8%         3d7       100%        3
 Animate Armour           Summ/Erth      8%         N/A       100%        4
 Lehudib's Crystal Spear  Conj/Erth      2%         10d2      100%        8

Inventory:

Hand Weapons
 a - a +1 war axe (weapon)
 E - a +0 flail of protection
Missiles
 f - 4 boomerangs
 m - 5 poisoned darts (quivered)
Armour
 b - a +0 buckler (worn)
 p - a +0 pair of boots (worn)
 D - a +1 chain mail of poison resistance (worn)
Jewellery
 o - a +4 ring of protection (right hand)
 O - a +4 ring of protection (left hand)
Wands
 v - a wand of polymorph (13)
Scrolls
 c - 2 scrolls of fog
 g - a scroll of enchant weapon {unknown}
 k - a scroll of teleportation {@r4}
 q - 4 scrolls of identify {unknown}
 t - 2 scrolls of revelation
 u - 3 scrolls of blinking {unknown}
 x - a scroll of fear {unknown}
 y - a scroll of noise {unknown}
Potions
 e - 4 potions of curing {unknown}
 h - 3 potions of enlightenment {unknown}
 i - 2 potions of mutation {unknown}
 j - 2 potions of resistance {unknown}
 l - 2 potions of haste {unknown}
 n - a potion of cancellation {unknown}
 r - 2 potions of lignification {unknown}
 s - a potion of berserk rage {unknown}
 w - 2 potions of heal wounds {unknown}
 z - a potion of degeneration {unknown}
 A - a potion of might {unknown}
 B - a potion of magic {unknown}
 C - a potion of invisibility {unknown}

Dungeon Overview and Level Annotations

Branches:
Dungeon (4/15)              Sewer (visited)
 Temple: D:4-7

Altars:

Shops:
D:1

[
.....###..#####......#...........
####......................###.###
##....#.##...........####..###
#.#...##.........#..####.....
####.##.......##.#...##...>..
####......###.##..###.....
##........##..#........... ****
#......................... **,,**
##...#.#.@o..##..<........ *,,,,*
###.###..o{..........#...#
*,,,,**#....##...........####.$##
*##....#.................###...#.
#.........###....##......,....#*
##..##...#.###..#...........##..,
#........#..##†###..#......#**##.
........##.).....###......## **
...#....##.........#.......#*****


You could see an orc priest and an orc.


Message History

Your Conjurations skill increases to level 2!
Your Hexes skill increases to level 2!
Your Summonings skill increases to level 2!
Your Necromancy skill increases to level 2!
Your Translocations skill increases to level 2!
Your Transmutations skill increases to level 2!
Your Fire Magic skill increases to level 2!
Your Ice Magic skill increases to level 2!
Your Air Magic skill increases to level 2!
Your Earth Magic skill increases to level 2!
Your Poison Magic skill increases to level 2!
Your Shapeshifting skill increases to level 2!
Okay, then.
Unknown command.
Okay, then.
Okay, then.
Aiming: Polymorph
Press: ? - help, Shift-Dir - straight line, f - orc priest
Aim: an orc priest, wielding a +0 short sword (moderately wounded, will become a worm, a howler monkey, or a bullfrog, chance to affect: 58%)
The orc priest resists with significant effort.
The orc priest hits you but does no damage.
The orc closely misses you. Something hits you but does no damage.
You completely miss the orc priest.
The orc priest is moderately wounded.
You hit something. You hit the orc. The orc priest closely misses you.
The orc hits you but does no damage.
You hear some strange, mumbled words.
A magic dart appears from out of thin air!
The magic dart hits you!
You die...

Skill      XL: |  1  2  3  4  5  6  7 |
---------------+----------------------+-----
Invocations    | 1 2 |  2.7
Short Blades   | 1 2 |  2.4
Long Blades    | 1 2 |  2.4
Maces & Flails | 1 2 |  2.4
Polearms       | 1 2 |  2.4
Staves         | 1 2 |  2.4
Ranged Weapons | 1 2 |  2.4
Armour         | 1 2 |  2.4
Dodging        | 1 2 |  2.4
Stealth        | 1 2 |  2.4
Unarmed Combat | 1 2 |  2.4
Spellcasting   | 1 2 |  2.4
Conjurations   | 1 2 |  2.0
Hexes          | 1 2 |  2.0
Summonings     | 1 2 |  2.0
Necromancy     | 1 2 |  2.0
Translocations | 1 2 |  2.0
Transmutations | 1 2 |  2.0
Fire Magic     | 1 2 |  2.0
Ice Magic      | 1 2 |  2.0
Air Magic      | 1 2 |  2.0
Earth Magic    | 1 2 |  2.0
Poison Magic   | 1 2 |  2.0
Shapeshifting  | 1 2 |  2.0
Throwing       | 3 |  3.6
Evocations     | 3 |  3.6
Axes           | 5 |  5.2
Fighting       | 7 |  7.0
Shields        | 7 |  7.0

Action                     |  1- 3 |  4- 6 |  7- 9 || total
---------------------------+-------+-------+-------++-------
  Melee: War axe           |    92 |   229 |    10 ||   331
         Bite              |     5 |    17 |     1 ||    23
  Throw: Boomerang         |     1 |       |       ||     1
         Dart              |       |     3 |       ||     3
  Evoke: Wand              |       |       |     1 ||     1
    Use: Scroll            |       |     2 |     1 ||     3
   Stab: Sleeping          |     1 |     5 |       ||     6
 Armour: Leather armour    |    41 |    62 |       ||   103
         Chain mail        |       |    20 |     6 ||    26
  Dodge: Dodged            |    75 |   117 |     4 ||   196
  Block: Buckler           |    34 |    67 |     5 ||   106

Levels and vault maps discovered:
D:1:      heliophobic_arrival_henge, layout_basic, serial_shops, shop
D:2:      layout_basic, nicolae_ecumenical_snake_handling,
          minmay_misc_feat_five, minmay_misc_feat_secret_circle,
          patterned_corridor
D:3:      layout_basic
D:4:      layout_cave_pools, portal_sewer_entry_d, amethyst_killhole,
          uniq_edmund, uniq_menkaure

Notes
Turn   | Place    | Note
-------+----------+-------------------------------------------
     0 | D:1      | AIAndy the Gnoll Wanderer began the quest for the Orb.
     0 | D:1      | AIAndy set off with the following items: a +1 war axe, a +0
                  | buckler, a scroll of fog, a +0 leather armour.
     0 | D:1      | Reached XP level 1. HP: 23/23 MP: 1/1
   135 | D:1      | Reached XP level 2. HP: 27/29 MP: 2/2
   151 | D:1      | Found Giqunaz's Armour Emporium.
   524 | D:1      | Reached XP level 3. HP: 35/35 MP: 3/3
   980 | D:2      | Found a faded altar of an unknown god.
  1002 | D:2      | Reached skill level 1 in Invocations
  1042 | D:2      | Reached skill level 1 in Short Blades
  1042 | D:2      | Reached skill level 1 in Long Blades
  1042 | D:2      | Reached skill level 1 in Maces & Flails
  1042 | D:2      | Reached skill level 1 in Polearms
  1042 | D:2      | Reached skill level 1 in Staves
  1042 | D:2      | Reached skill level 1 in Ranged Weapons
  1042 | D:2      | Reached skill level 1 in Armour
  1042 | D:2      | Reached skill level 1 in Dodging
  1042 | D:2      | Reached skill level 1 in Stealth
  1042 | D:2      | Reached skill level 1 in Unarmed Combat
  1042 | D:2      | Reached skill level 1 in Spellcasting
  1073 | D:2      | Reached XP level 4. HP: 41/41 MP: 5/5
  1761 | D:3      | Reached skill level 1 in Conjurations
  1761 | D:3      | Reached skill level 1 in Hexes
  1761 | D:3      | Reached skill level 1 in Summonings
  1761 | D:3      | Reached skill level 1 in Necromancy
  1761 | D:3      | Reached skill level 1 in Translocations
  1761 | D:3      | Reached skill level 1 in Transmutations
  1761 | D:3      | Reached skill level 1 in Fire Magic
  1761 | D:3      | Reached skill level 1 in Ice Magic
  1761 | D:3      | Reached skill level 1 in Air Magic
  1761 | D:3      | Reached skill level 1 in Earth Magic
  1761 | D:3      | Reached skill level 1 in Poison Magic
  1761 | D:3      | Reached skill level 1 in Shapeshifting
  1860 | D:3      | Reached XP level 5. HP: 47/47 MP: 6/6
  2348 | D:4      | Reached skill level 3 in Throwing
  2348 | D:4      | Reached skill level 3 in Evocations
  2360 | D:4      | Found a glowing drain.
  2378 | Sewer    | Entered a sewer
  2498 | Sewer    | Reached skill level 2 in Invocations
  2501 | Sewer    | Reached XP level 6. HP: 45/53 MP: 8/8
  2825 | D:4      | Noticed Edmund
  2851 | D:4      | Killed Edmund
  2852 | D:4      | Reached skill level 2 in Short Blades
  2852 | D:4      | Reached skill level 2 in Long Blades
  2852 | D:4      | Reached skill level 5 in Axes
  2852 | D:4      | Reached skill level 2 in Maces & Flails
  2852 | D:4      | Reached skill level 2 in Polearms
  2852 | D:4      | Reached skill level 2 in Staves
  2852 | D:4      | Reached skill level 2 in Ranged Weapons
  2852 | D:4      | Reached skill level 2 in Armour
  2852 | D:4      | Reached skill level 2 in Dodging
  2852 | D:4      | Reached skill level 2 in Stealth
  2852 | D:4      | Reached skill level 2 in Unarmed Combat
  2852 | D:4      | Reached skill level 2 in Spellcasting
  3138 | D:4      | Reached XP level 7. HP: 59/59 MP: 10/10
  3172 | D:4      | Noticed Menkaure
  3259 | D:4      | Killed Menkaure
  3260 | D:4      | Reached skill level 7 in Fighting
  3260 | D:4      | Reached skill level 7 in Shields
  3260 | D:4      | Reached skill level 2 in Conjurations
  3260 | D:4      | Reached skill level 2 in Hexes
  3260 | D:4      | Reached skill level 2 in Summonings
  3260 | D:4      | Reached skill level 2 in Necromancy
  3260 | D:4      | Reached skill level 2 in Translocations
  3260 | D:4      | Reached skill level 2 in Transmutations
  3260 | D:4      | Reached skill level 2 in Fire Magic
  3260 | D:4      | Reached skill level 2 in Ice Magic
  3260 | D:4      | Reached skill level 2 in Air Magic
  3260 | D:4      | Reached skill level 2 in Earth Magic
  3260 | D:4      | Reached skill level 2 in Poison Magic
  3260 | D:4      | Reached skill level 2 in Shapeshifting
  3261 | D:4      | Killed from afar by an orc wizard

Vanquished Creatures
  Menkaure (D:4)
  Edmund (D:4)
  An orc priest (D:4)
  A hound (D:4)
  A sleepcap (D:4)
  8 adders
  5 river rats (Sewer)
  A worm (D:3)
  3 dart slugs
  12 orcs
  6 endoplasms
  3 giant cockroaches
  5 goblins
  7 hobgoblins
  11 jackals
  3 quokkas
  15 ball pythons
  9 bats
  13 frilled lizards
  5 kobolds
  4 rats
115 creatures vanquished.

Table legend: (Time is in decaauts)
 A = Elapsed time spent in this place.
 B = Non-inter-level travel time spent in this place.
 C = Inter-level travel time spent in this place.
 D = Time resting spent in this place.
 E = Time spent auto-exploring this place.
 F = Levels seen in this place.
 G = Mean time per level.
                   A        B        C        D        E       F      G
               +--------+--------+--------+--------+--------+-----+--------+
         Total |   3413 |   3334 |     79 |    143 |   2297 |   5 |  682.6 |
       Dungeon |   2960 |   2881 |     79 |    143 |   2037 |   4 |  740.0 |
         Sewer |    452 |    452 |      0 |      0 |    260 |   1 |  452.0 |
               +--------+--------+--------+--------+--------+-----+--------+

Top non-repeatable levels by time:
     D:1: 855 daAuts
     D:2: 776 daAuts
     D:3: 738 daAuts
     D:4: 590 daAuts
   Sewer: 452 daAuts

Table legend:
 A = Non-vault XP
 B = Vault XP
 C = Vault XP percentage of total XP
 D = Non-vault monster count
 E = Vault monster count
 F = Vault count percentage of total count
                 A         B        C        D         E       F
            +---------+---------+-------+---------+---------+-------
      Total |     343 |     467 |  57.7 |      86 |      29 |  25.2
            +---------+---------+-------+---------+---------+-------
        D:1 |      44 |       0 |   0.0 |      27 |       0 |   0.0
        D:2 |      49 |       4 |   7.5 |      19 |       3 |  13.6
        D:3 |     104 |       0 |   0.0 |      27 |       0 |   0.0
        D:4 |     146 |     352 |  70.7 |      13 |       3 |  18.8
      Sewer |       0 |     111 | 100.0 |       0 |      23 | 100.0
            +---------+---------+-------+---------+---------+-------
